3L
ATHLETIC CLUB KC @ BUFFALO WHITE WALKERS
07/20/2037
 
TOP OF THE 1ST
Athletic Club KC batting - Pitching for Buffalo White Walkers : RHP Kent Good
Pitching: RHP Kent Good
Batting: LHB Wu-shun Chu 0-0: Ball
1-0: Ball
2-0: Called Strike
2-1: Ball
3-1: Foul Ball, location: 2F
3-2: Ground out U3 (Groundball, 3, EV 82.5 MPH)
Batting: LHB Pablo Hernández 0-0: Foul Ball, location: 2F
0-1: Ball
1-1: Ground out 4-3 (Groundball, 34, EV 88.1 MPH)
Batting: RHB Jesús Vargas 0-0: Ball
1-0: Called Strike
1-1: Ball
2-1: Foul Ball, location: 2F
2-2: Ground out 4-3 (Groundball, 4, EV 85.6 MPH)
Top of the 1st over - 0 runs, 0 hits, 0 errors, 0 left on base; Athletic Club KC 0 - Buffalo 0
BOTTOM OF THE 1ST
Buffalo White Walkers batting - Pitching for Athletic Club KC : LHP Donat Karczmarek
Pitching: LHP Donat Karczmarek
Batting: RHB Panas Pletnev 0-0: Ball
1-0: Ball
2-0: DOUBLE (Groundball, 3L, EV 105.0 MPH)
Batting: LHB Jesús Lazcano 0-0: Ball
1-0: Called Strike
1-1: Ball
2-1: Foul Ball, location: 2F
2-2: Foul Ball, location: 2F
2-2: Strikes out swinging
Batting: SHB Max Bortenschlager 0-0: Ball
1-0: DOUBLE (Line Drive, 89M, EV 107.5 MPH)
Panas Pletnev scores
Batting: SHB Je-myung Yu 0-0: Ball
1-0: Ball
2-0: Foul Ball, location: 2F
2-1: Ball
3-1: Called Strike
3-2: Fly out, F4 (Popup, 4, EV 54.4 MPH)
Batting: RHB Daryl Yandell 0-0: Foul Ball, location: 2F
0-1: Ball
1-1: Foul Ball, location: 2F
1-2: Ball
2-2: Ball
3-2: Ground out 6-3 (Groundball, 6, EV 100.0 MPH)
Bottom of the 1st over - 1 run, 2 hits, 0 errors, 1 left on base; Athletic Club KC 0 - Buffalo 1
TOP OF THE 2ND
Athletic Club KC batting - Pitching for Buffalo White Walkers : RHP Kent Good
Batting: SHB Shun Komatsu 0-0: Called Strike
0-1: Foul Ball, location: 2F
0-2: Ball
1-2: Ball
2-2: Strikes out swinging
Batting: RHB Roger Caffyn 0-0: Called Strike
0-1: SINGLE (Line Drive, 5D, EV 96.2 MPH)
Batting: SHB Akihiko Fujii 0-0: Called Strike
0-1: Ball
1-1: Foul Ball, location: 2F
1-2: SINGLE (Line Drive, 9S, EV 107.5 MPH)
Roger Caffyn to second
Batting: LHB Gene Ricks 0-0: Called Strike
0-1: Called Strike
0-2: Strikes out swinging
Batting: LHB Onye Mahusay 0-0: Called Strike
0-1: Called Strike
0-2: 3-RUN HOME RUN (Flyball, 9LD, EV 99.4 MPH), Distance : 328 ft
Batting: RHB Colin Bottone 0-0: Called Strike
0-1: Foul Ball, location: 2F
0-2: Fly out, F3 (Line Drive, 3, EV 73.1 MPH)
Top of the 2nd over - 3 runs, 3 hits, 0 errors, 0 left on base; Athletic Club KC 3 - Buffalo 1
BOTTOM OF THE 2ND
Buffalo White Walkers batting - Pitching for Athletic Club KC : LHP Donat Karczmarek
Batting: RHB Tom Smythe 0-0: Foul Ball, location: 2F
0-1: Ball
1-1: Ball
2-1: Ground out U3 (Groundball, 3S, EV 83.8 MPH)
Batting: LHB Gilberto Ocasio 0-0: Ball
1-0: Fly out, F4 (Popup, 4, EV 52.5 MPH)
Batting: LHB Dread Roberts 0-0: Called Strike
0-1: Reached on error, E3 (Groundball, 23, EV 43.8 MPH)
Batting: LHB Jin-yong Myung 0-0: Called Strike
0-1: 2-RUN HOME RUN (Flyball, 9D, EV 99.4 MPH), Distance : 354 ft
Batting: RHB Panas Pletnev 0-0: Ball
1-0: Ball
2-0: Ground out 6-3 (Groundball, 6, EV 88.8 MPH)
Bottom of the 2nd over - 2 runs, 1 hit, 1 error, 0 left on base; Athletic Club KC 3 - Buffalo 3
TOP OF THE 3RD
Athletic Club KC batting - Pitching for Buffalo White Walkers : RHP Kent Good
Batting: LHB Wu-shun Chu 0-0: Ball
1-0: SINGLE (Line Drive, 89S, EV 104.4 MPH)
Batting: LHB Pablo Hernández 0-0: Called Strike
0-1: Ball
1-1: Ball
Wu-shun Chu steals 2nd base
2-1: SINGLE (Line Drive, 7S, EV 103.8 MPH)
Wu-shun Chu to third
Runner from 3rd tries for Home, SAFE, throw by LF to home
Batting: RHB Jesús Vargas 0-0: Ball
1-0: Called Strike
1-1: Ball
2-1: Ball
3-1: Called Strike
3-2: Strikes out swinging
Batting: SHB Shun Komatsu 0-0: Ball
1-0: Fly out, F8 (Line Drive, 8RM, EV 85.0 MPH)
Batting: RHB Roger Caffyn 0-0: Foul Ball, location: 2F
0-1: Called Strike
0-2: Strikes out swinging
Top of the 3rd over - 1 run, 2 hits, 0 errors, 1 left on base; Athletic Club KC 4 - Buffalo 3
BOTTOM OF THE 3RD
Buffalo White Walkers batting - Pitching for Athletic Club KC : LHP Donat Karczmarek
Batting: LHB Jesús Lazcano 0-0: Called Strike
0-1: Fly out, F7 (Flyball, 78D, EV 91.9 MPH)
Batting: SHB Max Bortenschlager 0-0: Ball
1-0: Foul Ball, location: 2F
1-1: Called Strike
1-2: Foul Ball, location: 2F
1-2: SINGLE (Popup, 4D, EV 61.2 MPH)
Batting: SHB Je-myung Yu 0-0: Ball
1-0: Called Strike
1-1: Fielders Choice at 2nd, 6-4 (Groundball, 6, EV 89.4 MPH)
Batting: RHB Daryl Yandell 0-0: Called Strike
0-1: Foul Ball, location: 2F
0-2: Strikes out swinging
Bottom of the 3rd over - 0 runs, 1 hit, 0 errors, 1 left on base; Athletic Club KC 4 - Buffalo 3
TOP OF THE 4TH
Athletic Club KC batting - Pitching for Buffalo White Walkers : RHP Kent Good
Batting: SHB Akihiko Fujii 0-0: Called Strike
0-1: Ball
1-1: Ball
2-1: Foul Ball, location: 2F
2-2: Foul Ball, location: 2F
2-2: Foul Ball, location: 2F
2-2: Strikes out swinging
Batting: LHB Gene Ricks 0-0: Swinging Strike
0-1: Ball
1-1: Fly out, F7 (Flyball, 7LS, EV 79.4 MPH)
Batting: LHB Onye Mahusay 0-0: Ball
1-0: Ball
2-0: Ball
3-0: Called Strike
3-1: Base on Balls
Batting: RHB Colin Bottone 0-0: Ball
1-0: Ground out 4-3 (Groundball, 4, EV 82.5 MPH)
Top of the 4th over - 0 runs, 0 hits, 0 errors, 1 left on base; Athletic Club KC 4 - Buffalo 3
BOTTOM OF THE 4TH
Buffalo White Walkers batting - Pitching for Athletic Club KC : LHP Donat Karczmarek
Batting: RHB Tom Smythe 0-0: Ball
1-0: Foul Ball, location: 2F
1-1: Ball
2-1: Swinging Strike
2-2: Fly out, F8 (Flyball, 8LD, EV 96.9 MPH)
Batting: LHB Gilberto Ocasio 0-0: Ball
1-0: Foul Ball, location: 2F
1-1: Ball
2-1: Foul Ball, location: 2F
2-2: SOLO HOME RUN (Flyball, 9D, EV 96.2 MPH), Distance : 358 ft
Batting: LHB Dread Roberts 0-0: Called Strike
0-1: Ball
1-1: Fly out, F7 (Flyball, 7, EV 81.2 MPH)
Batting: LHB Jin-yong Myung 0-0: Ball
1-0: SINGLE (Groundball, 4D, EV 103.8 MPH)
Batting: RHB Panas Pletnev 0-0: Ball
1-0: Swinging Strike
1-1: Ball
2-1: Ground out 4-3 (Groundball, 34, EV 85.0 MPH)
Bottom of the 4th over - 1 run, 2 hits, 0 errors, 1 left on base; Athletic Club KC 4 - Buffalo 4
TOP OF THE 5TH
Athletic Club KC batting - Pitching for Buffalo White Walkers : RHP Kent Good
Batting: LHB Wu-shun Chu 0-0: Foul Ball, location: 2F
0-1: Ball
1-1: Fly out, F8 (Flyball, 78D, EV 95.0 MPH)
Batting: LHB Pablo Hernández 0-0: Called Strike
0-1: Ball
1-1: Swinging Strike
1-2: Strikes out looking
Batting: RHB Jesús Vargas 0-0: Ball
1-0: Foul Ball, location: 2F
1-1: Ball
2-1: Swinging Strike
2-2: Ball
3-2: Strikes out looking
Top of the 5th over - 0 runs, 0 hits, 0 errors, 0 left on base; Athletic Club KC 4 - Buffalo 4
BOTTOM OF THE 5TH
Buffalo White Walkers batting - Pitching for Athletic Club KC : LHP Donat Karczmarek
Batting: LHB Jesús Lazcano 0-0: Called Strike
0-1: Ball
1-1: Swinging Strike
1-2: Foul Ball, location: 2F
1-2: Ball
2-2: Strikes out looking
Batting: SHB Max Bortenschlager 0-0: Ball
1-0: Called Strike
1-1: Foul Ball, location: 2F
1-2: Ball
2-2: Ground out 5-3 (Groundball, 56, EV 79.4 MPH)
Batting: SHB Je-myung Yu 0-0: Called Strike
0-1: SINGLE (Groundball, 56D, EV 110.0 MPH)
Batting: RHB Daryl Yandell 0-0: Ball
1-0: Called Strike
1-1: Ball
2-1: Ball
3-1: Foul Ball, location: 2F
3-2: Base on Balls
Je-myung Yu to second
Batting: RHB Tom Smythe 0-0: Ball
1-0: Swinging Strike
1-1: Ball
Passed Ball!
Je-myung Yu to third
Daryl Yandell to second
2-1: Foul Ball, location: 2F
2-2: Strikes out swinging
Bottom of the 5th over - 0 runs, 1 hit, 0 errors, 2 left on base; Athletic Club KC 4 - Buffalo 4
TOP OF THE 6TH
Athletic Club KC batting - Pitching for Buffalo White Walkers : RHP Kent Good
Batting: SHB Shun Komatsu 0-0: Swinging Strike
0-1: Ball
1-1: Fly out, F7 (Flyball, 7LM, EV 86.9 MPH)
Batting: RHB Roger Caffyn 0-0: Called Strike
0-1: Fly out, F8 (Line Drive, 8RM, EV 106.9 MPH)
Batting: SHB Akihiko Fujii 0-0: Foul Ball, location: 2F
0-1: Swinging Strike
0-2: Ball
1-2: Ball
2-2: Ball
3-2: Fly out, F8 (Flyball, 8RM, EV 90.6 MPH)
Top of the 6th over - 0 runs, 0 hits, 0 errors, 0 left on base; Athletic Club KC 4 - Buffalo 4
BOTTOM OF THE 6TH
Buffalo White Walkers batting - Pitching for Athletic Club KC : LHP Donat Karczmarek
Batting: LHB Gilberto Ocasio 0-0: Ground out U3 (Groundball, 34, EV 101.9 MPH)
Batting: LHB Dread Roberts 0-0: Foul Ball, location: 2F
0-1: Bunt missed!
0-2: Ball
1-2: Foul Ball, location: 2F
1-2: SINGLE (Groundball, 4D, EV 101.2 MPH)
Pitching: LHP Ricky McCauley
Batting: LHB Jin-yong Myung 0-0: Foul Ball, location: 2F
0-1: Foul Ball, location: 2F
0-2: Foul Ball, location: 2F
0-2: Ball
1-2: Foul Ball, location: 2F
1-2: Grounds into double play, 3-6-3 (Groundball, 3, EV 86.2 MPH)
Bottom of the 6th over - 0 runs, 1 hit, 0 errors, 0 left on base; Athletic Club KC 4 - Buffalo 4
TOP OF THE 7TH
Athletic Club KC batting - Pitching for Buffalo White Walkers : RHP Kent Good
Batting: LHB Gene Ricks 0-0: Ball
1-0: Foul Ball, location: 2F
1-1: Ball
2-1: Foul Ball, location: 2F
2-2: Strikes out swinging
Pitching: LHP Suezo Amano
Batting: LHB Onye Mahusay 0-0: Foul Ball, location: 2F
0-1: Ball
1-1: Foul Ball, location: 2F
1-2: Ball
2-2: Ground out 4-3 (Groundball, 34, EV 89.4 MPH)
Batting: RHB Colin Bottone 0-0: Fly out, F7 (Line Drive, 7S, EV 101.2 MPH)
Top of the 7th over - 0 runs, 0 hits, 0 errors, 0 left on base; Athletic Club KC 4 - Buffalo 4
BOTTOM OF THE 7TH
Buffalo White Walkers batting - Pitching for Athletic Club KC : LHP Ricky McCauley
Batting: RHB Panas Pletnev 0-0: Called Strike
0-1: Fly out, F8 (Flyball, 89M, EV 90.6 MPH)
Batting: LHB Jesús Lazcano 0-0: Ball
1-0: Fly out, F9 (Flyball, 9, EV 90.6 MPH)
Batting: SHB Max Bortenschlager 0-0: Called Strike
0-1: Ball
1-1: Swinging Strike
1-2: Ball
2-2: Foul Ball, location: 2F
2-2: Foul Ball, location: 2F
2-2: Strikes out looking
Bottom of the 7th over - 0 runs, 0 hits, 0 errors, 0 left on base; Athletic Club KC 4 - Buffalo 4
TOP OF THE 8TH
Athletic Club KC batting - Pitching for Buffalo White Walkers : LHP Suezo Amano
Batting: LHB Wu-shun Chu 0-0: Called Strike
0-1: Called Strike
0-2: Strikes out swinging
Batting: LHB Pablo Hernández 0-0: SINGLE (Groundball, 34D, EV 96.2 MPH)
Batting: RHB Jesús Vargas 0-0: Ball
1-0: Grounds into double play, 5-4-3 (Groundball, 56, EV 99.4 MPH)
Top of the 8th over - 0 runs, 1 hit, 0 errors, 0 left on base; Athletic Club KC 4 - Buffalo 4
BOTTOM OF THE 8TH
Buffalo White Walkers batting - Pitching for Athletic Club KC : LHP Ricky McCauley
Batting: SHB Je-myung Yu 0-0: SINGLE (Line Drive, 4MD, EV 93.8 MPH)
Batting: RHB Daryl Yandell 0-0: Ball
1-0: Foul Ball, location: 2F
1-1: Ball
2-1: Ball
3-1: Grounds into double play, 6-4-3 (Groundball, 6, EV 93.1 MPH)
Batting: RHB Tom Smythe 0-0: Called Strike
0-1: Fly out, F7 (Flyball, 7LSF, EV 80.6 MPH)
Bottom of the 8th over - 0 runs, 1 hit, 0 errors, 0 left on base; Athletic Club KC 4 - Buffalo 4
TOP OF THE 9TH
Athletic Club KC batting - Pitching for Buffalo White Walkers : LHP Suezo Amano
Batting: SHB Shun Komatsu 0-0: Ball
1-0: Ball
2-0: Called Strike
2-1: Called Strike
2-2: Ball
3-2: Fly out, F7 (Flyball, 7D, EV 85.6 MPH)
Batting: RHB Roger Caffyn 0-0: Ball
1-0: Ball
2-0: Foul Ball, location: 2F
2-1: Foul Ball, location: 2F
2-2: Foul Ball, location: 2F
2-2: Ball
3-2: Strikes out swinging, 2-3 out at first.
Batting: SHB Akihiko Fujii 0-0: Called Strike
0-1: Ball
1-1: Swinging Strike
1-2: Foul Ball, location: 2F
1-2: Foul Ball, location: 2F
1-2: Foul Ball, location: 2F
1-2: Strikes out swinging
Top of the 9th over - 0 runs, 0 hits, 0 errors, 0 left on base; Athletic Club KC 4 - Buffalo 4
BOTTOM OF THE 9TH
Buffalo White Walkers batting - Pitching for Athletic Club KC : LHP Ricky McCauley
Pitching: RHP Taalay Ibragimov
Batting: LHB Gilberto Ocasio 0-0: Ball
1-0: Ball
2-0: SINGLE (Groundball, 34D, EV 98.1 MPH)
Batting: LHB Dread Roberts 0-0: Ball
1-0: Bunted foul
1-1: Bunted foul
1-2: Fly out, F7 (Flyball, 78D, EV 100.6 MPH)
Batting: LHB Jin-yong Myung 0-0: Ball
Gilberto Ocasio is caught stealing 2nd base 2-6
1-0: Called Strike
1-1: Foul Ball, location: 2F
1-2: Strikes out swinging
Bottom of the 9th over - 0 runs, 1 hit, 0 errors, 0 left on base; Athletic Club KC 4 - Buffalo 4
TOP OF THE 10TH
Athletic Club KC batting - Pitching for Buffalo White Walkers : LHP Suezo Amano
Pitching: RHP Woodward Haberdash
Batting: LHB Gene Ricks 0-0: Ball
1-0: Foul Ball, location: 2F
1-1: Foul Ball, location: 2F
1-2: Strikes out swinging
Batting: LHB Onye Mahusay 0-0: Foul Ball, location: 2F
0-1: Swinging Strike
0-2: Strikes out swinging
Pinch Hitting: LHB Ramón Morterero 0-0: Ball
1-0: Called Strike
1-1: Foul Ball, location: 2F
1-2: Strikes out swinging
Top of the 10th over - 0 runs, 0 hits, 0 errors, 0 left on base; Athletic Club KC 4 - Buffalo 4
BOTTOM OF THE 10TH
Buffalo White Walkers batting - Pitching for Athletic Club KC : RHP Taalay Ibragimov
Now at 3B: Andrés Medina
Pinch Hitting: LHB Robby Young 0-0: Foul Ball, location: 2F
0-1: Ball
1-1: Foul Ball, location: 2F
1-2: SINGLE (Groundball, 6D, EV 107.5 MPH)
Batting: LHB Jesús Lazcano 0-0: Called Strike
0-1: Foul Ball, location: 2F
0-2: Ball
Wild Pitch!
Robby Young to second
1-2: Ball
2-2: Foul Ball, location: 2F
2-2: Ground out 4-3 (Groundball, 4, EV 88.8 MPH)
Robby Young to third
Batting: SHB Max Bortenschlager 0-0: SINGLE (Groundball, 4, EV 83.8 MPH) (infield hit)
Robby Young scores
Thursday, January 23rd, 2020 - OOTP Baseball 20.8 Build 74